 Dungeon Crawl Stone Soup version 0.27-a0-861-g9529aa9bf3 (webtiles) character file.

Game seed: 8287201153620736774

13678 Archen the Severer (level 11, -1/101 HPs)
             Began as a Minotaur Berserker on Apr 2, 2021.
             Was a High Priest of Trog.
             Slain by a red devil
             ... wielding a +3 trident
             ... summoned by Frances
              (8 damage)
             ... on level 13 of the Dungeon.
             The game lasted 00:30:06 (8398 turns).

Archen the Severer (Minotaur Berserker)             Turns: 8398, Time: 00:30:06

Health: -1/101     AC: 23    Str: 26    XL:     11   Next: 78%
Magic:  10/10      EV: 10    Int:  4    God:    Trog [*****.]
Gold:   315        SH:  0    Dex:  9    Spells: 10/10 levels left

rFire    . . .     SeeInvis .   Y - +2 battleaxe (elec)
rCold    . . .     Faith    .   (shield currently unavailable)
rNeg     . . .     Spirit   .   K - +8 chain mail "Veidam" {Regen+ Slay+5}
rPois    +         Reflect  .   (helmet restricted)
rElec    .         Harm     .   k - +0 cloak
rCorr    .         Rampage  .   (no gloves)
Will     .....                  n - +0 pair of boots
Stlth    ..........             c - amulet of regeneration
HPRegen  2.26/turn              z - ring of flight
MPRegen  0.12/turn              U - ring of poison resistance

@: flying
A: horns 2, retaliatory headbutt
a: Renounce Religion, Berserk, Trog's Hand, Brothers in Arms


You were on level 13 of the Dungeon.
You worshipped Trog.
Trog was extremely pleased with you.
You visited 1 branch of the dungeon, and saw 11 of its levels.

You collected 595 gold pieces.
You spent 280 gold pieces at shops.

Inventory:

Hand Weapons
 a - a +0 hand axe
 e - the +1 executioner's axe of the Establishment {flame, *Drain rElec Dex+3}
   (You acquired it on level 3 of the Dungeon)

   It has been specially enchanted to burn those struck by it, causing extra
   injury to most foes and up to half again as much damage against particularly
   susceptible opponents.
   Big, fiery blades are also staple armaments of hydra-hunters.
   It affects your dexterity (+3).
   It insulates you from electricity.
   It drains your maximum health when unequipped.
 i - a +0 whip of venom
 o - a +1 war axe
 q - a +0 war axe
 G - a +0 war axe
 N - a +5 hand axe
 Y - a +2 battleaxe of electrocution (weapon)
Missiles
 E - 6 curare-tipped darts
 X - a throwing net
Armour
 b - a +0 animal skin
 f - a +0 plate armour
 k - a +0 cloak (worn)
 n - a +0 pair of boots (worn)
 p - a +0 pair of boots
 t - a scarf of harm
 I - a +0 troll leather armour
 K - the +8 chain mail "Veidam" (worn) {Regen+ Slay+5}
   (You found it on level 6 of the Dungeon)

   It affects your accuracy and damage with ranged weapons and melee attacks
   (+5).
   It increases your rate of health regeneration.
 M - +0 steam dragon scales
 Z - +0 acid dragon scales
Jewellery
 c - an amulet of regeneration (around neck)
 z - a ring of flight (left hand)
 U - a ring of poison resistance (right hand)
 V - an amulet of regeneration
Wands
 r - a wand of mindburst (17)
 v - a wand of iceblast (10)
 C - a wand of polymorph (7)
 P - a wand of acid (11)
 Q - a wand of digging (5)
 S - a wand of paralysis (7)
 T - a wand of flame (19)
Scrolls
 g - 2 scrolls of fog
 j - 2 scrolls of acquirement
 l - 7 scrolls of enchant weapon
 u - 3 scrolls of amnesia
 x - a scroll of summoning
 y - 2 scrolls of immolation
 D - 5 scrolls of identify
 H - 4 scrolls of teleportation
 O - a scroll of enchant armour
 R - a scroll of fear
Potions
 d - 3 potions of brilliance {unknown}
 h - a potion of invisibility {unknown}
 m - 4 potions of attraction {unknown}
 s - 3 potions of flight {unknown}
 w - 3 potions of mutation {unknown}
 A - a potion of cancellation {unknown}
 B - a potion of heal wounds {unknown}
 F - a potion of curing {unknown}
 J - a potion of lignification {unknown}
 L - 3 potions of might {unknown}
 W - 2 potions of magic {unknown}


   Skills:
 + Level 10.9 Fighting
 + Level 16.0 Axes
 + Level 11.2 Armour
 + Level 4.2 Dodging
 + Level 0.7 Stealth


You had 10 spell levels left.
You didn't know any spells.
Your spell library contained the following spells:

 Spells                   Type           Power      Damage    Failure   Level
 Magic Dart               Conj           0%         1d3       95%         1
 Blink                    Tloc           N/A        N/A       98%         2
 Call Imp                 Summ           0%         N/A       98%         2
 Slow                     Hex            0%         N/A       98%         2
 Conjure Flame            Conj/Fire      0%         6-21      100%        3
 Mephitic Cloud           Conj/Pois/Air  0%         N/A       100%        3


Dungeon Overview and Level Annotations

Branches:
Dungeon (13/15)            Temple (0/1) D:4
   Lair: D:8-11         Orc: D:9-12      Vaults: D:13-14

Altars:
Dithmenos
Fedhas
Gozag
Qazlal
The Shining One

Shops:
D:7 :   D:9 =

Annotations:
D:13 Frances


Innate Abilities, Weirdness & Mutations

You have a pair of horns on your head.
You reflexively headbutt those who attack you in melee.


Message History

The centaur warrior is moderately wounded.
You slash Frances! The centaur warrior barely misses you.
The centaur warrior kicks you but does no damage.
Frances hits you with a +0 scimitar.
The centaur warrior hits you but does no damage.
The centaur warrior kicks you but does no damage.
The centaur unwields a +0 shortbow.
The centaur misses you. The centaur closely misses you.
You slice the centaur warrior!!
Lightning courses through the centaur warrior!
You kill the centaur warrior!
Trog accepts your kill.
You hit the centaur. Lightning courses through the centaur!
You closely miss Frances.
Frances screams a word of power!
Frances seems to speed up.
The centaur barely misses you.
The centaur kicks you but does no damage.
You slash the centaur! Lightning courses through the centaur!!
You kill the centaur!
Trog accepts your kill.
You slash Frances! Lightning courses through Frances!
Frances hits you with a +0 scimitar!!
Your Axes skill increases to level 16!
You closely miss Frances.
Frances is moderately wounded.
Frances chants phrases taken from a devil's mouth.
Frances hits you but does no damage.
You closely miss Frances.
Frances is moderately wounded.
Frances closely misses you.
You slice Frances!! You headbutt Frances!
Frances is heavily wounded.
Frances hits you with a +0 scimitar!
You slice Frances!!
Frances is severely wounded.
Frances mutters in a terrible tongue.
The iron shot hits you!!!
* * * LOW HITPOINT WARNING * * *
The red devil hits you from afar with a +3 trident!
You die...

#.# #.>. ..#
#........# #... .##
#........# #... .#
##...(....# #... ##
.........### #...
#............ #...
#.4..<...# #..##...
#@)).....# #......
#)@).....# ##...
##.####### ##.#
#....## #.#
####..## #.# ##..#
#.. ##.# ####
#######.#### ###...
#########
...........###.'...
#.......#
...........##..#...


You could see Frances (fast) and a red devil (summoned).

Vanquished Creatures
  Rupert (D:13)
  Azrael (D:13)
  A two-headed ogre (D:9)
  2 centaur warriors (D:13)
  Pikel (D:8)
  The ghost of nht the Ruffian, a novice TrFi (D:4)
  Joseph (D:8)
  A gargoyle (D:13)
  A kobold demonologist (D:10)
  Psyche (D:8)
  3 hornets
  A wyvern (D:10)
  A wraith (D:10)
  5 yaks (D:10)
  5 fire elementals (D:13)
  A steam dragon (D:7)
  3 acid dragons
  2 hell hounds (D:13)
  A water moccasin (D:6)
  A necrophage (D:6)
  An orc warrior (D:10)
  A black bear (D:4)
  2 ogres
  10 centaurs
  A lemure (D:8)
  A kobold brigand (D:8)
  Blork the orc (D:6)
  4 bullfrogs
  3 gnoll sergeants
  3 scorpions
  A wyvern skeleton (D:6)
  A water moccasin skeleton (D:4)
  3 wights (D:7)
  4 killer bees
  5 howler monkeys
  3 centaur zombies
  6 orc priests
  4 hounds
  2 jellies (D:5)
  A centaur skeleton (D:6)
  A bullfrog skeleton (D:6)
  3 iguanas
  Terence (D:2)
  7 orc wizards
  A hound skeleton (D:4)
  A howler monkey zombie (D:7)
  16 gnolls
  6 adders
  2 adder skeletons (D:4)
  3 worms
  4 dart slugs
  29 orcs
  9 ball pythons
  4 bats
  5 endoplasms
  11 giant cockroaches
  6 goblins
  7 hobgoblins
  12 jackals
  14 kobolds
  6 quokkas
  A frilled lizard (D:3)
  4 rats
244 creatures vanquished.

Notes
Turn   | Place    | Note
-------+----------+-------------------------------------------
     0 | D:1      | Archen the Minotaur Berserker began the quest for the Orb.
     0 | D:1      | Reached XP level 1. HP: 19/19 MP: 0/0
   267 | D:1      | Reached XP level 2. HP: 13/27 MP: 1/1
   918 | D:1      | Reached skill level 4 in Axes
   943 | D:1      | Reached XP level 3. HP: 31/33 MP: 2/2
   946 | D:1      | Reached ** piety under Trog
  1417 | D:1      | Found an opulent altar of Gozag.
  1636 | D:2      | Noticed Terence
  1645 | D:2      | Killed Terence
  1646 | D:2      | Reached XP level 4. HP: 41/41 MP: 3/3
  1754 | D:2      | Found a faded altar of an unknown god.
  2347 | D:3      | Reached XP level 5. HP: 37/47 MP: 4/4
  2586 | D:3      | Reached skill level 5 in Axes
  2615 | D:3      | Identified 3 scrolls of acquirement
  2615 | D:3      | Acquired the +1 executioner's axe of the Establishment
                  | {flame, *Drain rElec Dex+3}
  2827 | D:3      | Reached *** piety under Trog
  2968 | D:4      | Noticed a black bear
  2971 | D:4      | Killed a black bear
  2994 | D:4      | Reached XP level 6. HP: 47/55 MP: 5/5
  3103 | D:4      | Reached skill level 5 in Fighting
  3103 | D:4      | Reached skill level 6 in Axes
  3157 | D:4      | Found a large runed translucent door.
  3157 | D:4      | Found a large runed translucent door.
  3161 | D:4      | Noticed nht's ghost (novice TrFi)
  3335 | D:4      | Found a staircase to the Ecumenical Temple.
  3443 | D:4      | Reached skill level 7 in Axes
  3760 | D:4      | Killed nht's ghost
  3761 | D:4      | Reached skill level 8 in Axes
  3761 | D:4      | Reached skill level 5 in Armour
  3761 | D:4      | Reached XP level 7. HP: 11/62 MP: 6/6
  3829 | D:5      | Entered Level 5 of the Dungeon
  3938 | D:5      | Reached **** piety under Trog
  3939 | D:5      | Reached XP level 8. HP: 27/70 MP: 7/7
  4483 | D:5      | Reached skill level 9 in Axes
  4709 | D:6      | Noticed Blork the orc
  4718 | D:6      | Killed Blork the orc
  4719 | D:6      | Reached skill level 10 in Axes
  4791 | D:6      | Identified the +8 chain mail "Veidam" {Regen+ Slay+5}
  5034 | D:6      | Reached XP level 9. HP: 79/79 MP: 8/8
  5042 | D:6      | Found a glowing golden altar of the Shining One.
  5261 | D:7      | Paralysed by a hornet for 3 turns
  5270 | D:7      | Reached skill level 11 in Axes
  5413 | D:7      | Found Iddetz's Book Shop.
  5847 | D:8      | Noticed Pikel
  5853 | D:8      | Killed Pikel
  5854 | D:8      | Reached skill level 12 in Axes
  5929 | D:8      | Noticed Psyche
  5935 | D:8      | Killed Psyche
  5958 | D:8      | Noticed Joseph
  5958 | D:8      | Paralysed by Joseph for 6 turns
  5971 | D:8      | Killed Joseph
  6105 | D:8      | Reached XP level 10. HP: 87/90 MP: 9/9
  6342 | D:8      | Found a blossoming altar of Fedhas.
  6342 | D:8      | Found a shadowy altar of Dithmenos.
  6428 | D:8      | Found a stormy altar of Qazlal.
  6732 | D:9      | Found Etess's Jewellery Shop.
  6746 | D:9      | Bought a ring of poison resistance for 280 gold pieces
  6846 | D:9      | Noticed a two-headed ogre
  6853 | D:9      | Killed a two-headed ogre
  6854 | D:9      | Reached skill level 13 in Axes
  6972 | D:9      | Reached ***** piety under Trog
  7529 | D:10     | Entered Level 10 of the Dungeon
  7637 | D:10     | Reached skill level 14 in Axes
  7997 | D:10     | Reached skill level 10 in Armour
  8026 | D:10     | You are sucked into a shaft and drop 3 floors!
  8026 | D:13     | Noticed Rupert
  8032 | D:13     | Paralysed by Rupert for 3 turns
  8044 | D:13     | Paralysed by Rupert for 2 turns
  8049 | D:13     | Killed Rupert
  8050 | D:13     | Reached skill level 10 in Fighting
  8050 | D:13     | Reached skill level 15 in Axes
  8050 | D:13     | Reached XP level 11. HP: 90/100 MP: 10/10
  8069 | D:13     | Noticed a centaur warrior
  8076 | D:13     | Killed a centaur warrior
  8198 | D:13     | Noticed Azrael
  8211 | D:13     | Killed Azrael
  8212 | D:13     | Found an opulent altar of Gozag.
  8386 | D:13     | Noticed Frances
  8386 | D:13     | Noticed a centaur warrior
  8393 | D:13     | Killed a centaur warrior
  8395 | D:13     | Reached skill level 16 in Axes
  8398 | D:13     | Slain by a red devil

Illustrated notes

Levels and vault maps discovered:
D:1:      dpeg_arrival_water_altar, layout_basic, minmay_misc_feat_diagonals,
          minmay_worlds_worst_comb
D:2:      layout_basic, ebering_ecumenical_altar_ruins,
          chequers_serial_rivers_small_3, grunt_decor_resistance,
          chequers_serial_rivers_micro_d, uniq_terence
D:3:      layout_loops_ring
D:4:      layout_basic, minmay_temple_entry_sparse_star,
          ebering_ghost_disaster_area, st_stairs_6, serial_bayou_pond_b
D:5:      layout_loops_cross
D:6:      layout_basic, kennysheep_mini, wad_floor_pattern_1, uniq_blork_the_orc
D:7:      layout_gridville, serial_shops, shop, hangedman_abyss_or_decor_slice
D:8:      layout_loops_ring, gammafunk_temple_overflow_pools,
          lemuel_round_altar, kennysheep_small_square, uniq_joseph, uniq_pikel,
          uniq_psyche
D:9:      layout_loops_corners, serial_shops, shop, minmay_misc_feat_room,
          minmay_starry_boxes
D:10:     layout_irregular_city
D:13:     layout_roguey, erik_vaults_2,
          nicolae_gozag_cash_rules_everything_around_me, uniq_azrael,
          uniq_frances, uniq_rupert

Skill      XL: |  1  2  3  4  5  6  7  8  9 10 11 |
---------------+----------------------------------+-----
Fighting       | 4 5 6 7 8 10 | 10.9
Axes           | 4 5 8 10 12 15 16 | 16.0
Armour         | 3 4 5 7 8 10 11 | 11.2
Dodging        | 3 4 |  4.2
Stealth        | |  0.7

Action                   |  1- 3 |  4- 6 |  7- 9 | 10-12 || total
-------------------------+-------+-------+-------+-------++-------
Melee: Hand axe          |    96 |    53 |       |       ||   149
       Headbutt          |    13 |    35 |    15 |    31 ||    94
       War axe           |       |   112 |   137 |   120 ||   369
       Battleaxe         |       |       |       |    46 ||    46
Invok: Berserk           |       |     3 |     4 |     2 ||     9
       Trog's Hand       |       |       |     1 |       ||     1
  Use: Scroll            |       |     4 |       |     5 ||     9
Armor: Animal skin       |     8 |       |       |       ||     8
       Plate armour      |    43 |   123 |    47 |       ||   213
       Chain mail        |       |       |    49 |   114 ||   163
Dodge: Dodged            |    44 |    61 |    55 |   117 ||   277

Table legend: (Time is in decaauts)
 A = Elapsed time spent in this place.
 B = Non-inter-level travel time spent in this place.
 C = Inter-level travel time spent in this place.
 D = Time resting spent in this place.
 E = Time spent auto-exploring this place.
 F = Levels seen in this place.
 G = Mean time per level.
                   A        B        C        D        E       F      G
               +--------+--------+--------+--------+--------+-----+--------+
         Total |   8494 |   7831 |    663 |      0 |   6596 |  11 |  772.2 |
       Dungeon |   8494 |   7831 |    663 |      0 |   6596 |  11 |  772.2 |
               +--------+--------+--------+--------+--------+-----+--------+

Top non-repeatable levels by time:
     D:1: 1456 daAuts
     D:4: 898 daAuts
     D:2: 875 daAuts
     D:9: 846 daAuts
     D:8: 840 daAuts
     D:5: 720 daAuts
     D:6: 715 daAuts
     D:3: 670 daAuts
     D:7: 609 daAuts
    D:10: 486 daAuts
    D:13: 374 daAuts
